 Dungeon Crawl Stone Soup version 0.23-a0-299-g9a66eeb (webtiles) character file.

352 mhoghedin the Ducker (level 6, 30/30 HPs)
             Began as a Felid Monk on Oct 6, 2018.
             Was a Believer of Fedhas.
             Quit the game on level 5 of the Dungeon.
             The game lasted 00:07:29 (5120 turns).

mhoghedin the Ducker (Felid Monk)                   Turns: 5120, Time: 00:07:30

Health: 30/30      AC:  2    Str:  8    XL:     6   Next: 34%
Magic:  8/8        EV: 23    Int: 12    God:    Fedhas [**....]
Gold:   218        SH:  0    Dex: 19    Spells: 5/5 levels left
                                        Lives:  0   Deaths: 2

rFire    . . .     SeeInvis +     - Unarmed
rCold    . . .     Gourm    .   (shield unavailable)
rNeg     . . .     Faith    .   (armour unavailable)
rPois    .         Spirit   .   (helmet unavailable)
rElec    .         Reflect  .   (cloak unavailable)
rCorr    .         Harm     .   (gloves unavailable)
MR       .....                  (boots unavailable)
Stlth    ++++......             (no amulet)
HPRegen  0.10/turn              (no ring)
MPRegen  0.11/turn              (no ring)

@: quick
A: very small, no armour, no weapons or thrown items, stealth, claws 1, fangs 3,
see invisible, carnivore, speed 1, shaggy fur 2, slow metabolism 1, sharp paws
a: Fungal Bloom, Sunlight, Evolution, Renounce Religion


You were on level 5 of the Dungeon.
You worshipped Fedhas.
Fedhas was pleased with you.
You were not hungry.

You visited 1 branch of the dungeon, and saw 5 of its levels.

You collected 218 gold pieces.

Inventory:

Jewellery
 f - an uncursed ring of positive energy {unknown}
   (You found it on level 2 of the Dungeon)
 j - a cursed -3 ring of protection {unknown}
   (You found it on level 2 of the Dungeon)
 n - an uncursed amulet of harm {unknown}
   (You took it off a goblin on level 3 of the Dungeon)
 p - an uncursed ring of stealth {unknown}
   (You found it on level 3 of the Dungeon)
 q - a +5 ring of strength {unknown}
   (You found it on level 4 of the Dungeon)
Wands
 l - a wand of digging (15)
   (You found it on level 3 of the Dungeon)
Scrolls
 b - a scroll of immolation {!r}
 d - 2 scrolls of fog
 h - 3 scrolls of identify {unknown}
 k - a scroll of teleportation
Potions
 g - a potion of degeneration {unknown}
 i - a potion of cancellation {unknown}
 m - a potion of magic {unknown}
 r - a potion of flight {unknown}
Comestibles
 a - 5 rations


   Skills:
 + Level 5.0 Fighting
 + Level 6.5 Dodging
 + Level 6.3 Stealth
 + Level 5.0 Unarmed Combat
 - Level 2.3 Invocations


You had 5 spell levels left.
You didn't know any spells.
Your spell library was empty.

Dungeon Overview and Level Annotations

Branches:
Dungeon (5/15)
 Temple: D:4-7

Altars:
Fedhas
Gozag
Hepliaklqana
Xom
Yredelemnul


Innate Abilities, Weirdness & Mutations

You cannot wear armour.
You are incapable of wielding weapons or throwing items.
Your paws allow you to move quietly. (Stealth)
You have sharp claws.
You have razor-sharp teeth.
You have supernaturally acute eyesight. (SInv)
You are carnivorous and can eat meat at any time.
You cover ground quickly.
You are covered in thick fur. (AC +2)
You have a slow metabolism.
Your sharp claws are effective at attacking unaware monsters.


Message History

The jackal misses you. The jackal closely misses you.
You scratch the jackal. The jackal misses you. x2
You are feeling hungry.
You scratch the jackal. The jackal barely misses you. The jackal misses you.
The jackal completely misses you.
A worm comes into view.
You claw the jackal!
You kill the jackal!
The jackal misses you. The jackal completely misses you.
You scratch the jackal.
The jackal bites you but does no damage.
You scratch the jackal but do no damage.
The jackal barely misses you.
You scratch the jackal but do no damage.
The jackal completely misses you.
You scratch the jackal.
You kill the jackal!
You scratch the worm. The worm closely misses you.
You scratch the worm but do no damage. You bite the worm, but do no damage.
You scratch the worm. The worm closely misses you.
You barely miss the worm. You claw the worm. The worm bites you.
You take 6 damage, and have 26/33 hp.
You scratch the worm. You claw the worm! The worm bites you!
You take 10 damage, and have 16/33 hp.
MASSIVE DAMAGE!!
You claw the worm!
You kill the worm!
Some toadstools grow from nearby corpses.
Fedhas appreciates your contribution to the ecosystem.
You start resting.
A sky beast comes into view.
You are too injured to fight recklessly!
You are too injured to fight recklessly!
A nearby toadstool withers and dies.
An orc wizard comes into view. It is wielding a dagger of venom.
A nearby toadstool withers and dies.
The sky beast misses you.
A nearby toadstool withers and dies.
Your wandering mushroom releases spores at the sky beast!
The sky beast is engulfed in a cloud of spores!
You are too injured to fight recklessly!
You are too injured to fight recklessly!
You scratch the sky beast but do no damage.
The sky beast flickers out of sight for a moment.
The sky beast barely misses you.
Your wandering mushroom closely misses the sky beast.
You claw the sky beast! Your bite misses the sky beast. The sky beast hits you.
The sky beast shocks you.
Your wandering mushroom barely misses the sky beast.
You take 7 damage, and have 11/33 hp.
MASSIVE DAMAGE!!
You scratch the sky beast but do no damage.
A nearby toadstool withers and dies.
The orc wizard hits you with a dagger of venom.
The sky beast completely misses you.
Your wandering mushroom closely misses the sky beast.
You scratch the sky beast.
The orc wizard hits you with a dagger of venom!
* * * LOW HITPOINT WARNING * * *
You are lethally poisoned!
The sky beast completely misses you.
An orc comes into view. It is wielding a short sword.
You take 7 damage, and have 4/33 hp.
MASSIVE DAMAGE!!
You feel better.
Your wandering mushroom closely misses the sky beast.
The orc wizard points at you and mumbles some strange words.
The magic dart hits you!
* * * LOW HITPOINT WARNING * * *
The sky beast barely misses you.
Something closely misses the sky beast.
The sky beast hits something but does no damage.
Something closely misses the orc wizard.
An orc priest comes into view.
The sky beast hits your wandering mushroom.
The sky beast shocks your wandering mushroom.
A nearby toadstool withers and dies.
The orc hits your wandering mushroom but does no damage.
The sky beast hits your wandering mushroom.
The sky beast shocks your wandering mushroom.
Something hits your wandering mushroom.
Something shocks your wandering mushroom.
You feel a bit more experienced.
Your wandering mushroom releases spores at the orc wizard.
The orc wizard is engulfed in a cloud of spores!
The orc wizard casts a spell at you. The puff of flame misses you.
Your Fighting skill increases to level 5!
Your Unarmed Combat skill increases to level 5!
You feel a bit more experienced. The orc wizard casts a spell at you.
The magic dart hits you!
You die...
Something releases spores at the orc wizard!
The orc wizard is engulfed in a cloud of spores!
You are now level 6!
You rejoin the land of the living...
Found a stone staircase leading up.
Health restored: 30 You now have 8/8 mp.

# .####
####.....
#........
#........
#@.......
#........
#........
#.....<..
#########


There were no monsters in sight!

Vanquished Creatures
  A scorpion (D:4)
  A crimson imp (D:3)
  A jelly (D:5)
  An iguana (D:4)
  2 orc wizards
  2 worker ants (D:4)
  A howler monkey zombie (D:3)
  8 adders
  2 oozes (D:2)
  2 worms
  A dart slug (D:2)
  A leopard gecko (D:4)
  6 orcs
  A giant cockroach (D:1)
  5 goblins
  7 hobgoblins
  7 jackals
  7 kobolds
  2 quokkas (D:3)
  2 ball pythons (D:2)
  11 bats
  3 frilled lizards
  11 rats
85 creatures vanquished.

Vanquished Creatures (collateral kills)
  A sky beast (D:5)
  An ice beast (D:5)
  A bullfrog (D:5)
  A water moccasin zombie (D:5)
  2 scorpions
  A howler monkey (D:3)
  A crimson imp (D:3)
  An orc priest (D:5)
  Terence (D:3)
  2 adders
  2 worms (D:3)
  A dart slug (D:3)
  An orc (D:3)
  A goblin (D:3)
  A jackal (D:4)
  A kobold (D:3)
19 creatures vanquished.

Vanquished Creatures (others)
  A wandering mushroom (D:5)
  30 toadstools
31 creatures vanquished.

Grand Total: 135 creatures vanquished

Notes
Turn   | Place    | Note
-------+----------+-------------------------------------------
     0 | D:1      | mhoghedin the Felid Monk began the quest for the Orb.
     0 | D:1      | Reached XP level 1. HP: 10/10 MP: 2/2
   196 | D:1      | Reached skill level 3 in Stealth
   200 | D:1      | Reached XP level 2. HP: 8/14 MP: 3/3
   727 | D:2      | Reached XP level 3. HP: 17/17 MP: 4/4
  1247 | D:2      | Reached XP level 4. HP: 21/21 MP: 5/5
  1252 | D:2      | Found a blossoming altar of Fedhas.
  1320 | D:2      | Reached skill level 4 in Stealth
  1373 | D:2      | HP: 5/22 [adder (5)]
  1773 | D:2      | Reached skill level 5 in Dodging
  1778 | D:2      | HP: 4/22 [worm (9)]
  2257 | D:2      | Became a worshipper of Fedhas Madash
  2257 | D:2      | Reached * piety under Fedhas
  2257 | D:2      | Reached ** piety under Fedhas
  2347 | D:3      | Found an opulent altar of Gozag.
  2369 | D:3      | Reached skill level 1 in Invocations
  2369 | D:3      | Reached XP level 5. HP: 15/25 MP: 5/7
  2401 | D:3      | Noticed Terence
  2412 | D:3      | Killed Terence
  2412 | D:3      | Reached skill level 2 in Invocations
  2497 | D:3      | HP: 6/25 [poisoned by an adder]
  2505 | D:3      | HP: 5/25 [poisoned by an adder]
  2510 | D:3      | HP: 4/25 [poisoned by an adder]
  2889 | D:3      | Found a hazy altar of Hepliaklqana.
  3277 | D:3      | HP: 6/25 [poisoned by an orc wizard]
  3277 | D:3      | Killed from afar by an orc wizard
  3278 | D:3      | Reached XP level 4. HP: -2/22 MP: 6/6
  3396 | D:3      | Found a shimmering altar of Xom.
  3450 | D:3      | Reached skill level 4 in Fighting
  3450 | D:3      | Reached skill level 4 in Unarmed Combat
  3450 | D:3      | Reached XP level 5. HP: 23/25 MP: 7/7
  3899 | D:4      | Reached skill level 5 in Stealth
  3913 | D:4      | Gained mutation: You are covered in thick fur. (AC +2)
                  | [Felid growth]
  3913 | D:4      | Reached XP level 6. HP: 28/28 MP: 8/8
  4425 | D:5      | Entered Level 5 of the Dungeon
  4550 | D:5      | Reached skill level 6 in Dodging
  4684 | D:5      | Reached XP level 7. HP: 14/33 MP: 9/9
  4892 | D:5      | Reached skill level 6 in Stealth
  5005 | D:5      | Found a basalt altar of Yredelemnul.
  5107 | D:5      | HP: 4/33 [orc wizard/dagger of venom (7)]
  5117 | D:5      | Reached skill level 5 in Fighting
  5117 | D:5      | Reached skill level 5 in Unarmed Combat
  5119 | D:5      | Killed from afar by an orc wizard
  5120 | D:5      | Reached XP level 6. HP: -2/30 MP: 8/8
  5120 | D:5      | Quit the game

Vault maps used:
D:1:      nagdon_arrival_zigzag_paths
D:2:      lemuel_doored_altar, kennysheep_small_spiral
D:3:      led_xom_imps, nicolae_overflow_hidden_temple, old_standard_altar,
          hangedman_abyss_or_decor_stabs, uniq_terence
D:5:      amethyst_overflow_temple_binary, lemuel_round_altar, temple_pool_b,
          first_ration

Skill      XL: |  1  2  3  4  5  6  7 |
---------------+----------------------+-----
Stealth        | 3 4 5 6 |  6.3
Dodging        | 5 6 |  6.5
Invocations    | 1 2 |  2.3
Fighting       | 4 5 |  5.0
Unarmed Combat | 4 5 |  5.0

Action                   |  1- 3 |  4- 6 |  7- 9 || total
-------------------------+-------+-------+-------++-------
Melee: Unarmed           |    95 |   174 |    29 ||   298
       Bite              |     5 |    16 |     2 ||    23
       Punch             |       |     2 |     1 ||     3
Invok: Fungal Bloom      |       |     7 |     1 ||     8
       Evolution         |       |     4 |       ||     4
  Use: Potion            |       |     2 |     1 ||     3
       Scroll            |       |     6 |     2 ||     8
 Stab: Sleeping          |     5 |     9 |       ||    14
       Distracted        |     2 |     1 |       ||     3
       Confused          |       |     1 |       ||     1
  Eat: Chunk             |     7 |     4 |       ||    11
Armor: Skin              |     4 |     5 |     2 ||    11
Dodge: Dodged            |    75 |   144 |    31 ||   250

Table legend:
 A = Non-vault XP
 B = Vault XP
 C = Vault XP percentage of total XP
 D = Non-vault monster count
 E = Vault monster count
 F = Vault count percentage of total count
                 A         B        C        D         E       F
            +---------+---------+-------+---------+---------+-------
      Total |    1036 |      92 |   8.2 |     101 |       3 |   2.9
            +---------+---------+-------+---------+---------+-------
        D:1 |      37 |       0 |   0.0 |      24 |       0 |   0.0
        D:2 |     123 |       0 |   0.0 |      29 |       0 |   0.0
        D:3 |     165 |      92 |  35.8 |      21 |       3 |  12.5
        D:4 |     272 |       0 |   0.0 |      11 |       0 |   0.0
        D:5 |     439 |       0 |   0.0 |      16 |       0 |   0.0
            +---------+---------+-------+---------+---------+-------

Vault maps used:
D:1:      nagdon_arrival_zigzag_paths
D:2:      lemuel_doored_altar, kennysheep_small_spiral
D:3:      led_xom_imps, nicolae_overflow_hidden_temple, old_standard_altar,
          hangedman_abyss_or_decor_stabs, uniq_terence
D:5:      amethyst_overflow_temple_binary, lemuel_round_altar, temple_pool_b,
          first_ration

Table legend:
 A = Turns spent in this place as a percentage of turns spent in the entire game.
 B = Non-inter-level travel turns spent in this place as a percentage of non-inter-level travel turns spent in the entire game.
 C = Inter-level travel turns spent in this place as a percentage of turns spent in this place.
 D = Turns resting spent in this place as a percentage of non-inter-level travel turns spent in this place.
 E = Turns spent auto-exploring this place as a percentage of non-inter-level travel turns spent in this place.
 F = Non-inter-level travel turns spent in this place divided by the number of levels of this place that you've seen.
                   A       B       C       D       E      F
               +-------+-------+-------+-------+-------+----------------------
         Total | 100.0 | 100.0 |   2.8 |  44.4 |  36.6 | 995.4
       Dungeon | 100.0 | 100.0 |   2.8 |  44.4 |  36.6 | 995.4
               +-------+-------+-------+-------+-------+----------------------

Table legend:
 A = Kills in this place as a percentage of kills in entire the game.
 B = Kills by you in this place as a percentage of kills by you in the entire game.
 C = Kills by friends in this place as a percentage of kills by friends in the entire game.
 D = Other kills in this place as a percentage of other kills in the entire game.
 E = Experience gained in this place as a percentage of experience gained in the entire game.
 F = Experience gained in this place divided by the number of levels of this place that you have seen.
                   A       B       C       D       E      F
               +-------+-------+-------+-------+-------+----------------------
         Total | 100.0 | 100.0 | 100.0 |   N/A | 100.0 | 225.6
       Dungeon | 100.0 | 100.0 | 100.0 |   N/A | 100.0 | 225.6
               +-------+-------+-------+-------+-------+----------------------
